[ PARTIDA AOE2 · #468063201 ]
Team RMFrancos vs Franks
[ ANÁLISIS DE REPETICIÓN · EXTRAÍDO DE LA PARTIDA GRABADA ]
Feudal
16:21
Castillos
22:08
Imperial
36:02
| APM promedio | 17.1 |
| APM pico | 57 |
| eAPM promedio | 13.2 |
| Aldeanos / militares | 81 / 76 |
Foco
⚔️ 19.0% · 🌾 81.0%
Knight ×64 · Trebuchet (Packed) ×7 · Monk ×5
Feudal
11:29
Castillos
18:16
Imperial
31:45
| APM promedio | 20.9 |
| APM pico | 48 |
| eAPM promedio | 12.8 |
| Aldeanos / militares | 84 / 210 |
Foco
⚔️ 45.2% · 🌾 54.8%
Composite Bowman ×111 · Militia ×48 · Warrior Priest ×15 · Spearman ×14 · Trebuchet (Packed) ×11 · Skirmisher ×6
Feudal
12:08
Castillos
16:24
Imperial
31:17
| APM promedio | 19.3 |
| APM pico | 45 |
| eAPM promedio | 13.3 |
| Aldeanos / militares | 110 / 179 |
Foco
⚔️ 23.4% · 🌾 76.6%
Knight ×109 · Scout Cavalry ×53 · Petard ×10 · Throwing Axeman ×5 · Monk ×2
Feudal
12:38
Castillos
16:57
Imperial
34:44
| APM promedio | 24.7 |
| APM pico | 53 |
| eAPM promedio | 18.1 |
| Aldeanos / militares | 130 / 215 |
Foco
⚔️ 30.2% · 🌾 69.8%
Archer ×131 · Chu Ko Nu ×46 · Scout Cavalry ×27 · Battering Ram ×6 · Trebuchet (Packed) ×4 · Monk ×1
Feudal
11:02
Castillos
15:13
Imperial
31:36
| APM promedio | 56.1 |
| APM pico | 108 |
| eAPM promedio | 30.8 |
| Aldeanos / militares | 173 / 223 |
Foco
⚔️ 19.6% · 🌾 80.4%
Scout Cavalry ×175 · Archer ×26 · Bombard Cannon ×11 · Hand Cannoneer ×10 · Monk ×1
Feudal
12:17
Castillos
16:13
Imperial
31:30
| APM promedio | 20.5 |
| APM pico | 57 |
| eAPM promedio | 14.8 |
| Aldeanos / militares | 133 / 205 |
Foco
⚔️ 35.2% · 🌾 64.8%
Spearman ×201 · Unknown (2550) ×6 · Kamayuk ×4
Feudal
13:00
Castillos
17:05
Imperial
31:17
| APM promedio | 35.7 |
| APM pico | 67 |
| eAPM promedio | 23.4 |
| Aldeanos / militares | 130 / 255 |
Foco
⚔️ 25.9% · 🌾 74.1%
Spearman ×152 · Conquistador ×88 · Trebuchet (Packed) ×15
Feudal
13:10
Castillos
19:14
Imperial
34:40
| APM promedio | 20.3 |
| APM pico | 38 |
| eAPM promedio | 15.6 |
| Aldeanos / militares | 157 / 127 |
Foco
⚔️ 25.4% · 🌾 74.6%
Scout Cavalry ×107 · Bombard Cannon ×8 · Janissary ×7 · Spearman ×2 · Mangonel ×2 · Trebuchet (Packed) ×1
Mapa de la partida
Recursos al inicio + cada clic de construcción. Línea gruesa = muro · recuadro discontinuo = muro de casas detectado. 🟡 oro · ⚪ piedra · 🟢 bayas · 🔶 jabalí · ⭕ reliquia
Inputs por minuto
— S.O.L.D.I.E.R - - Zar
Build order — S.O.L.D.I.E.R
Primeras 150 de 202 acciones detectadas
| 0:06 | Crear | Villager (Male) |
| 0:07 | Crear | Villager (Male) |
| 0:07 | Crear | Villager (Male) |
| 0:07 | Crear | Villager (Male) |
| 0:07 | Crear | Villager (Male) |
| 0:16 | Construir | House |
| 0:17 | Construir | House |
| 2:25 | Crear | Villager (Male) |
| 2:55 | Crear | Villager (Male) |
| 2:55 | Crear | Villager (Male) |
| 3:04 | Construir | Lumber Camp |
| 3:39 | Crear | Villager (Male) |
| 3:39 | Crear | Villager (Male) |
| 3:40 | Crear | Villager (Male) |
| 3:40 | Crear | Villager (Male) |
| 4:38 | Crear | Villager (Male) |
| 4:39 | Crear | Villager (Male) |
| 4:39 | Crear | Villager (Male) |
| 4:39 | Crear | Villager (Male) |
| 4:49 | Construir | House |
| 4:50 | Construir | House |
| 4:51 | Construir | House |
| 6:12 | Crear | Villager (Male) |
| 6:13 | Crear | Villager (Male) |
| 6:13 | Crear | Villager (Male) |
| 6:13 | Crear | Villager (Male) |
| 6:13 | Crear | Villager (Male) |
| 6:59 | Crear | Villager (Male) |
| 6:59 | Crear | Villager (Male) |
| 6:59 | Crear | Villager (Male) |
| 7:37 | Crear | Villager (Male) |
| 7:38 | Crear | Villager (Male) |
| 7:38 | Crear | Villager (Male) |
| 8:13 | Construir | Mill |
| 10:08 | Crear | Villager (Male) |
| 10:08 | Crear | Villager (Male) |
| 10:08 | Crear | Villager (Male) |
| 10:08 | Crear | Villager (Male) |
| 10:57 | Construir | Farm |
| 11:03 | Crear | Villager (Male) |
| 11:03 | Crear | Villager (Male) |
| 11:04 | Crear | Villager (Male) |
| 11:04 | Crear | Villager (Male) |
| 11:10 | Construir | Farm |
| 11:32 | Construir | Mill |
| 12:27 | Construir | Mining Camp |
| 12:39 | Construir | House |
| 12:40 | Construir | House |
| 12:41 | Construir | House |
| 12:41 | Construir | House |
| 14:11 | Investigar | Feudal Age |
| 14:38 | Construir | Mining Camp |
| 14:45 | Construir | Farm |
| 14:48 | Construir | Farm |
| 14:49 | Construir | Farm |
| 14:50 | Construir | Farm |
| 14:51 | Construir | Farm |
| 14:52 | Construir | Farm |
| 14:53 | Construir | Farm |
| 14:54 | Construir | Farm |
| 15:53 | Construir | Farm |
| 15:54 | Construir | Farm |
| 16:07 | Crear | Villager (Male) |
| 16:07 | Crear | Villager (Male) |
| 16:08 | Crear | Villager (Male) |
| 16:08 | Crear | Villager (Male) |
| 16:21 | Edad | Edad Feudal |
| 16:36 | Crear | Villager (Male) |
| 16:36 | Crear | Villager (Male) |
| 17:00 | Construir | Barracks |
| 17:37 | Crear | Villager (Male) |
| 17:37 | Crear | Villager (Male) |
| 18:11 | Construir | Stable |
| 18:23 | Crear | Villager (Male) |
| 18:48 | Construir | Blacksmith |
| 19:14 | Construir | House |
| 19:16 | Construir | House |
| 19:28 | Investigar | Castle Age |
| 22:08 | Edad | Edad de los Castillos |
| 22:34 | Construir | Monastery |
| 22:35 | Construir | Monastery |
| 22:35 | Construir | Monastery |
| 22:43 | Crear | Villager (Male) |
| 22:43 | Crear | Villager (Male) |
| 22:43 | Crear | Villager (Male) |
| 22:43 | Crear | Villager (Male) |
| 22:56 | Construir | Town Center |
| 23:00 | Crear | Villager (Male) |
| 23:00 | Crear | Villager (Male) |
| 23:00 | Crear | Villager (Male) |
| 24:09 | Crear | Villager (Male) |
| 24:09 | Crear | Villager (Male) |
| 24:14 | Crear | Monk |
| 24:17 | Crear | Monk |
| 24:18 | Crear | Monk |
| 24:24 | Construir | Stable |
| 24:24 | Construir | Stable |
| 24:24 | Construir | Stable |
| 24:49 | Investigar | Gold Mining |
| 24:50 | Investigar | Stone Mining |
| 24:53 | Crear | Villager (Male) |
| 24:54 | Crear | Villager (Male) |
| 24:56 | Investigar | Wheelbarrow |
| 25:03 | Crear | Monk |
| 25:44 | Crear | Knight ×5 |
| 25:44 | Crear | Knight ×5 |
| 25:45 | Crear | Knight ×2 |
| 25:46 | Crear | Knight |
| 25:46 | Crear | Knight |
| 25:52 | Construir | Stable |
| 26:23 | Crear | Villager (Male) |
| 26:24 | Crear | Villager (Male) |
| 26:24 | Crear | Villager (Male) |
| 26:24 | Crear | Villager (Male) |
| 26:34 | Construir | Castle |
| 26:56 | Construir | House |
| 26:56 | Construir | House |
| 26:56 | Construir | House |
| 26:56 | Construir | House |
| 26:57 | Construir | House |
| 26:57 | Construir | House |
| 26:57 | Construir | House |
| 26:57 | Construir | House |
| 27:29 | Crear | Villager (Male) |
| 27:29 | Crear | Villager (Male) |
| 27:30 | Crear | Villager (Male) |
| 27:30 | Crear | Villager (Male) |
| 28:30 | Construir | Farm |
| 28:33 | Crear | Villager (Male) |
| 28:34 | Crear | Villager (Male) |
| 28:34 | Crear | Villager (Male) |
| 28:34 | Crear | Villager (Male) |
| 29:57 | Construir | Castle |
| 30:16 | Construir | Farm |
| 30:17 | Construir | Farm |
| 30:18 | Construir | Farm |
| 30:19 | Construir | Farm |
| 30:20 | Construir | Farm |
| 30:21 | Construir | Farm |
| 30:23 | Construir | Farm |
| 30:25 | Construir | Farm |
| 30:30 | Crear | Villager (Male) |
| 30:30 | Crear | Villager (Male) |
| 30:31 | Crear | Villager (Male) |
| 30:31 | Crear | Villager (Male) |
| 30:31 | Crear | Villager (Male) |
| 30:44 | Construir | Mining Camp |
| 31:02 | Crear | Monk |
| 31:44 | Construir | Market |
| 31:52 | Construir | University |
Build order — Zar
Primeras 150 de 345 acciones detectadas
| 0:01 | Crear | Villager (Male) |
| 0:02 | Crear | Villager (Male) |
| 0:03 | Construir | House |
| 0:04 | Construir | House |
| 0:07 | Construir | House |
| 0:08 | Crear | Villager (Male) |
| 0:08 | Crear | Villager (Male) |
| 1:46 | Crear | Villager (Male) |
| 2:11 | Crear | Villager (Male) |
| 2:34 | Crear | Villager (Male) |
| 2:42 | Crear | Villager (Male) |
| 3:03 | Crear | Villager (Male) |
| 3:31 | Construir | Mule Cart |
| 3:44 | Crear | Villager (Male) |
| 3:46 | Crear | Villager (Male) |
| 4:09 | Crear | Villager (Male) |
| 4:10 | Crear | Villager (Male) |
| 4:27 | Crear | Villager (Male) |
| 5:06 | Crear | Villager (Male) |
| 5:07 | Crear | Villager (Male) |
| 5:51 | Construir | House |
| 5:54 | Crear | Villager (Male) |
| 6:04 | Construir | House |
| 6:19 | Construir | Mill |
| 7:03 | Crear | Villager (Male) |
| 7:04 | Crear | Villager (Male) |
| 7:17 | Construir | Mule Cart |
| 7:41 | Crear | Villager (Male) |
| 8:00 | Crear | Villager (Male) |
| 8:47 | Crear | Villager (Male) |
| 8:59 | Construir | Mule Cart |
| 9:19 | Investigar | Feudal Age |
| 10:31 | Construir | House |
| 11:28 | Crear | Villager (Male) |
| 11:29 | Edad | Edad Feudal |
| 11:32 | Investigar | Wheelbarrow |
| 11:45 | Construir | Barracks |
| 11:54 | Investigar | Loom |
| 12:05 | Construir | Farm |
| 12:05 | Construir | Farm |
| 12:06 | Construir | Farm |
| 12:06 | Construir | Farm |
| 12:06 | Construir | Farm |
| 12:07 | Construir | Farm |
| 12:07 | Construir | Farm |
| 12:31 | Construir | Blacksmith |
| 12:46 | Construir | Blacksmith |
| 13:07 | Crear | Villager (Male) |
| 13:57 | Construir | Archery Range |
| 14:03 | Crear | Villager (Male) |
| 14:04 | Crear | Villager (Male) |
| 14:42 | Crear | Villager (Male) |
| 14:52 | Construir | House |
| 14:56 | Construir | House |
| 14:58 | Construir | House |
| 15:33 | Construir | Farm |
| 15:36 | Investigar | Castle Age |
| 15:59 | Investigar | Double-Bit Axe |
| 16:04 | Investigar | Horse Collar |
| 16:33 | Construir | Farm |
| 16:38 | Construir | Farm |
| 16:38 | Construir | Farm |
| 16:50 | Construir | Farm |
| 17:06 | Construir | House |
| 17:18 | Construir | Farm |
| 17:56 | Construir | House |
| 17:58 | Construir | House |
| 18:16 | Edad | Edad de los Castillos |
| 18:34 | Construir | Castle |
| 18:48 | Crear | Militia |
| 18:49 | Crear | Militia |
| 18:50 | Investigar | Man-at-Arms (upgrade) |
| 18:53 | Crear | Villager (Male) |
| 18:55 | Crear | Villager (Male) |
| 18:58 | Construir | Town Center |
| 19:07 | Investigar | Town Watch |
| 19:32 | Crear | Villager (Male) |
| 19:40 | Crear | Villager (Male) |
| 19:44 | Investigar | Gold Mining |
| 20:13 | Crear | Militia |
| 20:13 | Crear | Militia |
| 20:22 | Crear | Villager (Male) |
| 20:22 | Crear | Villager (Male) |
| 20:34 | Crear | Villager (Male) |
| 20:43 | Investigar | Hand Cart |
| 20:51 | Crear | Villager (Male) |
| 20:59 | Crear | Spearman |
| 21:11 | Crear | Skirmisher |
| 21:12 | Crear | Skirmisher |
| 21:25 | Construir | Farm |
| 21:50 | Construir | Mule Cart |
| 21:54 | Crear | Composite Bowman ×2 |
| 21:58 | Crear | Villager (Male) |
| 21:58 | Crear | Villager (Male) |
| 22:14 | Construir | Farm |
| 22:22 | Crear | Villager (Male) |
| 22:23 | Crear | Villager (Male) |
| 22:35 | Construir | Farm |
| 22:38 | Crear | Villager (Male) |
| 22:43 | Crear | Composite Bowman |
| 22:43 | Crear | Composite Bowman |
| 22:43 | Crear | Composite Bowman |
| 22:44 | Crear | Composite Bowman |
| 22:44 | Crear | Composite Bowman |
| 22:44 | Crear | Composite Bowman |
| 23:06 | Investigar | Arson |
| 23:08 | Crear | Villager (Male) |
| 23:20 | Crear | Villager (Male) |
| 23:32 | Crear | Militia |
| 23:48 | Crear | Villager (Male) |
| 23:51 | Crear | Villager (Male) |
| 23:56 | Construir | Farm |
| 23:56 | Construir | Farm |
| 23:56 | Construir | Farm |
| 23:57 | Construir | Farm |
| 24:04 | Construir | Farm |
| 24:04 | Construir | Farm |
| 24:04 | Construir | Farm |
| 24:05 | Construir | Farm |
| 24:32 | Crear | Militia |
| 24:34 | Crear | Villager (Male) |
| 24:46 | Investigar | Stone Mining |
| 24:50 | Crear | Composite Bowman ×5 |
| 24:50 | Crear | Composite Bowman ×5 |
| 24:50 | Crear | Composite Bowman ×4 |
| 25:07 | Crear | Villager (Male) |
| 25:07 | Crear | Villager (Male) |
| 25:20 | Crear | Militia |
| 25:34 | Construir | Town Center |
| 25:56 | Construir | Outpost |
| 26:09 | Construir | Farm |
| 26:11 | Crear | Villager (Male) |
| 26:11 | Crear | Villager (Male) |
| 26:40 | Construir | Siege Workshop |
| 26:44 | Crear | Villager (Male) |
| 26:45 | Crear | Villager (Male) |
| 26:50 | Crear | Villager (Male) |
| 26:53 | Construir | Farm |
| 26:59 | Crear | Villager (Male) |
| 27:19 | Construir | House |
| 27:20 | Construir | House |
| 27:20 | Construir | House |
| 27:21 | Construir | House |
| 27:21 | Construir | House |
| 27:23 | Crear | Villager (Male) |
| 27:34 | Crear | Villager (Male) |
| 27:34 | Crear | Villager (Male) |
| 27:48 | Construir | Outpost |
| 27:59 | Construir | House |
| 28:00 | Construir | House |
Build order — FreakinAindreas16
Primeras 150 de 330 acciones detectadas
| 0:02 | Crear | Villager (Male) |
| 0:02 | Crear | Villager (Male) |
| 0:04 | Construir | House |
| 0:07 | Construir | House |
| 0:34 | Crear | Villager (Male) ×2 |
| 1:34 | Crear | Villager (Male) |
| 2:03 | Crear | Villager (Male) |
| 2:17 | Construir | Lumber Camp |
| 2:20 | Crear | Villager (Male) |
| 2:50 | Crear | Villager (Male) |
| 3:23 | Crear | Villager (Male) |
| 4:00 | Crear | Villager (Male) |
| 4:00 | Crear | Villager (Male) |
| 4:07 | Construir | House |
| 4:09 | Construir | House |
| 4:11 | Construir | House |
| 4:51 | Crear | Villager (Male) |
| 4:52 | Crear | Villager (Male) |
| 5:00 | Crear | Villager (Male) |
| 5:40 | Construir | Mill |
| 5:44 | Crear | Villager (Male) |
| 5:44 | Crear | Villager (Male) |
| 6:09 | Crear | Villager (Male) |
| 7:15 | Crear | Villager (Male) |
| 7:36 | Construir | Mining Camp |
| 7:51 | Crear | Villager (Male) |
| 7:52 | Crear | Villager (Male) |
| 8:26 | Crear | Villager (Male) |
| 8:27 | Crear | Villager (Male) |
| 9:24 | Crear | Villager (Male) |
| 9:24 | Crear | Villager (Male) |
| 9:33 | Construir | Mill |
| 9:47 | Construir | Mill |
| 9:58 | Investigar | Feudal Age |
| 10:53 | Crear | Villager (Male) |
| 10:53 | Crear | Villager (Male) |
| 11:03 | Investigar | Loom |
| 12:08 | Edad | Edad Feudal |
| 12:13 | Construir | Blacksmith |
| 13:00 | Construir | Market |
| 13:44 | Investigar | Castle Age |
| 13:50 | Investigar | Double-Bit Axe |
| 14:56 | Construir | House |
| 14:58 | Construir | House |
| 15:10 | Construir | Farm |
| 15:14 | Construir | Farm |
| 15:17 | Construir | Farm |
| 15:20 | Construir | Farm |
| 15:27 | Construir | Farm |
| 16:22 | Construir | House |
| 16:24 | Edad | Edad de los Castillos |
| 16:27 | Investigar | Bow Saw |
| 16:33 | Construir | Town Center |
| 16:48 | Construir | Town Center |
| 16:53 | Crear | Villager (Male) |
| 16:54 | Crear | Villager (Male) |
| 17:01 | Crear | Villager (Male) |
| 17:15 | Construir | Mining Camp |
| 17:53 | Crear | Villager (Male) |
| 17:54 | Crear | Villager (Male) |
| 18:05 | Crear | Villager (Male) |
| 18:12 | Construir | Farm |
| 18:14 | Construir | Farm |
| 18:41 | Crear | Villager (Male) |
| 18:42 | Crear | Villager (Male) |
| 18:44 | Crear | Villager (Male) |
| 18:44 | Crear | Villager (Male) |
| 18:50 | Construir | Farm |
| 18:51 | Construir | Farm |
| 18:54 | Construir | Farm |
| 18:58 | Construir | Farm |
| 18:59 | Crear | Villager (Male) |
| 18:59 | Crear | Villager (Male) |
| 19:00 | Crear | Villager (Male) |
| 19:02 | Construir | Farm |
| 19:04 | Crear | Villager (Male) |
| 19:04 | Crear | Villager (Male) |
| 19:06 | Construir | Farm |
| 19:20 | Construir | Farm |
| 19:23 | Crear | Villager (Male) |
| 19:23 | Crear | Villager (Male) |
| 19:51 | Construir | Farm |
| 19:55 | Construir | Farm |
| 20:00 | Construir | Farm |
| 20:03 | Construir | Farm |
| 20:08 | Investigar | Wheelbarrow |
| 20:16 | Construir | Farm |
| 20:17 | Construir | Farm |
| 20:21 | Construir | Farm |
| 20:23 | Crear | Villager (Male) |
| 20:23 | Crear | Villager (Male) |
| 20:24 | Crear | Villager (Male) |
| 20:45 | Crear | Villager (Male) |
| 20:46 | Crear | Villager (Male) |
| 21:15 | Crear | Villager (Male) |
| 21:17 | Crear | Villager (Male) |
| 21:25 | Construir | Town Center |
| 21:39 | Crear | Villager (Male) |
| 21:41 | Crear | Villager (Male) |
| 21:42 | Crear | Villager (Male) |
| 21:51 | Construir | House |
| 21:53 | Construir | House |
| 21:54 | Construir | House |
| 21:55 | Construir | House |
| 21:58 | Crear | Villager (Male) |
| 21:58 | Crear | Villager (Male) |
| 22:10 | Construir | Farm |
| 22:20 | Crear | Villager (Male) |
| 22:21 | Crear | Villager (Male) |
| 22:37 | Construir | Town Center |
| 22:39 | Crear | Villager (Male) |
| 22:40 | Crear | Villager (Male) |
| 22:46 | Construir | House |
| 22:48 | Construir | House |
| 22:50 | Construir | House |
| 22:52 | Construir | House |
| 22:55 | Construir | House |
| 22:56 | Construir | House |
| 22:59 | Construir | Farm |
| 23:01 | Construir | Farm |
| 23:05 | Crear | Villager (Male) |
| 23:06 | Crear | Villager (Male) |
| 23:06 | Crear | Villager (Male) |
| 23:10 | Construir | Farm |
| 23:10 | Construir | Farm |
| 23:11 | Construir | Farm |
| 23:11 | Construir | Farm |
| 23:22 | Investigar | Gold Mining |
| 23:35 | Crear | Villager (Male) |
| 23:36 | Crear | Villager (Male) |
| 23:37 | Crear | Villager (Male) |
| 23:37 | Crear | Villager (Male) |
| 23:37 | Crear | Villager (Male) |
| 23:46 | Construir | Farm |
| 23:47 | Construir | Farm |
| 23:48 | Construir | Farm |
| 23:50 | Construir | Farm |
| 23:51 | Construir | Farm |
| 23:53 | Construir | Farm |
| 23:55 | Construir | Farm |
| 23:56 | Construir | Farm |
| 23:57 | Construir | Farm |
| 23:57 | Construir | Farm |
| 24:01 | Construir | Farm |
| 24:08 | Construir | Farm |
| 24:11 | Construir | Farm |
| 24:11 | Construir | Farm |
| 24:12 | Construir | Farm |
| 24:12 | Construir | Farm |
| 24:12 | Construir | Farm |
Build order — dunada04
Primeras 150 de 441 acciones detectadas
| 0:33 | Investigar | Loom |
| 0:45 | Crear | Villager (Male) |
| 0:46 | Crear | Villager (Male) |
| 1:17 | Crear | Villager (Male) |
| 1:17 | Crear | Villager (Male) |
| 1:47 | Crear | Villager (Male) |
| 1:48 | Crear | Villager (Male) |
| 2:14 | Crear | Villager (Male) |
| 2:14 | Crear | Villager (Male) |
| 2:26 | Construir | House |
| 2:27 | Construir | House |
| 2:41 | Crear | Villager (Male) |
| 2:41 | Crear | Villager (Male) |
| 2:42 | Crear | Villager (Male) |
| 3:08 | Crear | Villager (Male) |
| 3:09 | Crear | Villager (Male) |
| 3:30 | Crear | Villager (Male) |
| 3:31 | Crear | Villager (Male) |
| 3:31 | Crear | Villager (Male) |
| 3:39 | Construir | House |
| 3:57 | Construir | Mill |
| 3:59 | Crear | Villager (Male) |
| 4:00 | Crear | Villager (Male) |
| 4:00 | Crear | Villager (Male) |
| 4:37 | Crear | Villager (Male) |
| 4:37 | Crear | Villager (Male) |
| 4:38 | Crear | Villager (Male) |
| 4:38 | Crear | Villager (Male) |
| 5:05 | Crear | Villager (Male) |
| 5:05 | Crear | Villager (Male) |
| 5:19 | Crear | Villager (Male) |
| 5:20 | Crear | Villager (Male) |
| 5:38 | Construir | Lumber Camp |
| 5:44 | Crear | Villager (Male) |
| 5:44 | Crear | Villager (Male) |
| 6:11 | Crear | Villager (Male) |
| 6:11 | Crear | Villager (Male) |
| 6:39 | Crear | Villager (Male) |
| 6:49 | Crear | Villager (Male) |
| 7:32 | Crear | Villager (Male) |
| 7:58 | Crear | Villager (Male) |
| 8:44 | Crear | Villager (Male) |
| 8:54 | Construir | Mining Camp |
| 9:38 | Crear | Villager (Male) |
| 9:38 | Crear | Villager (Male) |
| 10:07 | Investigar | Feudal Age |
| 11:21 | Construir | House |
| 11:23 | Construir | House |
| 11:40 | Construir | Farm |
| 12:38 | Edad | Edad Feudal |
| 12:43 | Construir | Market |
| 12:49 | Construir | Blacksmith |
| 12:53 | Crear | Villager (Male) |
| 12:54 | Crear | Villager (Male) |
| 13:07 | Construir | Farm |
| 13:08 | Construir | Farm |
| 13:10 | Construir | Farm |
| 13:11 | Construir | Farm |
| 13:23 | Construir | Farm |
| 13:40 | Crear | Villager (Male) |
| 13:57 | Construir | House |
| 14:02 | Construir | House |
| 14:08 | Construir | Farm |
| 14:10 | Construir | Farm |
| 14:12 | Construir | Farm |
| 14:15 | Construir | Farm |
| 14:17 | Investigar | Castle Age |
| 14:21 | Construir | Farm |
| 14:26 | Construir | Farm |
| 14:35 | Construir | Mining Camp |
| 15:21 | Investigar | Padded Archer Armor |
| 15:22 | Investigar | Fletching |
| 15:34 | Construir | Barracks |
| 16:46 | Crear | Villager (Male) |
| 16:46 | Crear | Villager (Male) |
| 16:57 | Edad | Edad de los Castillos |
| 17:06 | Construir | Town Center |
| 17:07 | Crear | Villager (Male) |
| 17:08 | Crear | Villager (Male) |
| 17:12 | Investigar | Leather Archer Armor |
| 17:30 | Construir | Town Center |
| 17:34 | Crear | Villager (Male) |
| 17:41 | Construir | House |
| 17:58 | Investigar | Bodkin Arrow |
| 18:11 | Investigar | Double-Bit Axe |
| 18:15 | Crear | Villager (Male) |
| 18:15 | Crear | Villager (Male) |
| 18:46 | Crear | Villager (Male) |
| 18:46 | Crear | Villager (Male) |
| 19:19 | Investigar | Horse Collar |
| 19:24 | Crear | Villager (Male) |
| 19:30 | Crear | Villager (Male) |
| 19:30 | Crear | Villager (Male) |
| 19:35 | Construir | Archery Range |
| 19:40 | Construir | Farm |
| 19:58 | Construir | Farm |
| 20:01 | Crear | Villager (Male) |
| 20:01 | Crear | Villager (Male) |
| 20:10 | Crear | Villager (Male) |
| 20:11 | Crear | Villager (Male) |
| 20:16 | Crear | Villager (Male) |
| 20:16 | Crear | Villager (Male) |
| 20:17 | Crear | Villager (Male) |
| 20:17 | Crear | Villager (Male) |
| 20:24 | Construir | Farm |
| 20:27 | Investigar | Heavy Plow |
| 20:30 | Crear | Villager (Male) |
| 20:30 | Crear | Villager (Male) |
| 20:30 | Crear | Villager (Male) |
| 20:43 | Construir | Lumber Camp |
| 20:49 | Construir | Farm |
| 20:54 | Crear | Villager (Male) |
| 20:54 | Crear | Villager (Male) |
| 21:00 | Crear | Villager (Male) |
| 21:00 | Crear | Villager (Male) |
| 21:06 | Crear | Villager (Male) |
| 21:06 | Crear | Villager (Male) |
| 21:06 | Crear | Villager (Male) |
| 21:20 | Construir | Archery Range |
| 21:35 | Construir | Farm |
| 21:39 | Construir | Farm |
| 21:40 | Construir | Farm |
| 21:48 | Crear | Villager (Male) |
| 21:48 | Crear | Villager (Male) |
| 22:00 | Crear | Archer |
| 22:00 | Crear | Archer |
| 22:14 | Crear | Villager (Male) |
| 22:16 | Crear | Villager (Male) |
| 22:18 | Crear | Villager (Male) |
| 22:21 | Crear | Villager (Male) |
| 22:21 | Crear | Villager (Male) |
| 22:25 | Construir | Farm |
| 22:26 | Construir | Farm |
| 22:27 | Construir | Farm |
| 22:31 | Construir | Farm |
| 22:32 | Crear | Villager (Male) |
| 22:32 | Crear | Villager (Male) |
| 23:21 | Construir | Archery Range |
| 23:24 | Construir | Archery Range |
| 23:31 | Crear | Villager (Male) |
| 23:31 | Crear | Villager (Male) |
| 23:31 | Crear | Villager (Male) |
| 23:48 | Investigar | Crossbowman (upgrade) |
| 23:49 | Investigar | Thumb Ring |
| 24:01 | Crear | Villager (Male) |
| 24:01 | Crear | Villager (Male) |
| 24:05 | Construir | Farm |
| 24:07 | Crear | Villager (Male) |
| 24:07 | Crear | Villager (Male) |
| 24:27 | Crear | Archer |
Build order — 7928adam
Primeras 150 de 467 acciones detectadas
| 0:00 | Crear | Villager (Male) |
| 0:01 | Crear | Villager (Male) |
| 0:01 | Crear | Villager (Male) |
| 0:02 | Construir | House |
| 0:04 | Construir | House |
| 0:33 | Crear | Villager (Male) |
| 0:33 | Crear | Villager (Male) |
| 1:42 | Crear | Villager (Male) |
| 1:46 | Construir | Lumber Camp |
| 2:11 | Crear | Villager (Male) |
| 2:11 | Crear | Villager (Male) |
| 2:20 | Crear | Villager (Male) |
| 2:20 | Crear | Villager (Male) |
| 3:02 | Crear | Villager (Male) |
| 3:02 | Crear | Villager (Male) |
| 3:18 | Crear | Villager (Male) |
| 3:18 | Crear | Villager (Male) |
| 3:32 | Construir | House |
| 3:34 | Construir | House |
| 3:52 | Crear | Villager (Male) |
| 4:00 | Crear | Villager (Male) |
| 4:18 | Construir | House |
| 4:33 | Crear | Villager (Male) |
| 4:33 | Crear | Villager (Male) |
| 4:54 | Construir | Mill |
| 5:03 | Crear | Villager (Male) |
| 5:04 | Crear | Villager (Male) |
| 5:28 | Crear | Villager (Male) |
| 5:28 | Crear | Villager (Male) |
| 5:36 | Crear | Villager (Male) |
| 6:02 | Crear | Villager (Male) |
| 6:03 | Crear | Villager (Male) |
| 6:03 | Crear | Villager (Male) |
| 6:16 | Crear | Villager (Male) |
| 6:16 | Crear | Villager (Male) |
| 7:06 | Construir | Lumber Camp |
| 7:32 | Crear | Villager (Male) |
| 7:32 | Crear | Villager (Male) |
| 7:32 | Crear | Villager (Male) |
| 7:33 | Crear | Villager (Male) |
| 8:03 | Construir | Mill |
| 8:37 | Construir | Mining Camp |
| 8:50 | Investigar | Feudal Age |
| 9:54 | Crear | Villager (Male) |
| 9:54 | Crear | Villager (Male) |
| 11:02 | Edad | Edad Feudal |
| 11:07 | Construir | Market |
| 11:10 | Construir | Blacksmith |
| 11:32 | Construir | Farm |
| 11:54 | Crear | Villager (Male) |
| 11:55 | Construir | Farm |
| 12:26 | Construir | Farm |
| 12:33 | Investigar | Castle Age |
| 12:33 | Investigar | Castle Age |
| 12:43 | Investigar | Loom |
| 12:44 | Construir | Farm |
| 12:59 | Investigar | Double-Bit Axe |
| 12:59 | Investigar | Double-Bit Axe |
| 13:16 | Construir | House |
| 13:17 | Construir | House |
| 13:48 | Construir | Farm |
| 13:48 | Construir | Farm |
| 15:13 | Edad | Edad de los Castillos |
| 15:17 | Construir | Town Center |
| 15:24 | Construir | Town Center |
| 15:25 | Crear | Villager (Male) |
| 15:25 | Crear | Villager (Male) |
| 15:27 | Investigar | Bow Saw |
| 15:36 | Investigar | Horse Collar |
| 15:48 | Construir | Farm |
| 15:51 | Construir | Farm |
| 15:59 | Crear | Villager (Male) |
| 15:59 | Crear | Villager (Male) |
| 16:18 | Construir | Farm |
| 16:21 | Construir | Farm |
| 16:28 | Construir | Farm |
| 16:39 | Crear | Villager (Male) |
| 16:40 | Crear | Villager (Male) |
| 16:40 | Crear | Villager (Male) |
| 16:45 | Construir | Farm |
| 16:57 | Crear | Villager (Male) |
| 16:58 | Crear | Villager (Male) |
| 17:01 | Construir | Farm |
| 17:06 | Construir | Farm |
| 17:13 | Crear | Villager (Male) |
| 17:20 | Construir | Farm |
| 17:23 | Construir | Farm |
| 17:24 | Crear | Villager (Male) |
| 17:25 | Crear | Villager (Male) |
| 17:35 | Crear | Villager (Male) |
| 17:39 | Construir | Farm |
| 17:56 | Crear | Villager (Male) |
| 17:56 | Crear | Villager (Male) |
| 18:02 | Construir | Farm |
| 18:02 | Construir | Farm |
| 18:04 | Crear | Villager (Male) |
| 18:04 | Crear | Villager (Male) |
| 18:04 | Crear | Villager (Male) |
| 18:05 | Crear | Villager (Male) |
| 18:11 | Construir | House |
| 18:13 | Construir | House |
| 18:14 | Construir | House |
| 18:14 | Construir | House |
| 18:19 | Construir | Farm |
| 18:27 | Construir | Farm |
| 18:28 | Crear | Villager (Male) |
| 18:28 | Crear | Villager (Male) |
| 18:29 | Crear | Villager (Male) |
| 18:40 | Crear | Villager (Male) |
| 18:40 | Crear | Villager (Male) |
| 18:46 | Construir | Farm |
| 18:46 | Construir | Farm |
| 18:49 | Construir | Farm |
| 18:54 | Construir | Farm |
| 19:03 | Crear | Villager (Male) |
| 19:03 | Crear | Villager (Male) |
| 19:03 | Crear | Villager (Male) |
| 19:12 | Crear | Villager (Male) |
| 19:18 | Construir | Farm |
| 19:18 | Construir | Farm |
| 19:22 | Construir | Farm |
| 19:29 | Construir | Farm |
| 19:30 | Crear | Villager (Male) |
| 19:30 | Crear | Villager (Male) |
| 19:30 | Crear | Villager (Male) |
| 19:39 | Construir | House |
| 19:40 | Crear | Villager (Male) |
| 19:40 | Crear | Villager (Male) |
| 19:44 | Construir | Farm |
| 19:46 | Construir | Farm |
| 19:57 | Construir | Farm |
| 19:58 | Crear | Villager (Male) |
| 19:58 | Crear | Villager (Male) |
| 19:58 | Crear | Villager (Male) |
| 19:59 | Crear | Villager (Male) |
| 20:13 | Investigar | Wheelbarrow |
| 20:13 | Investigar | Wheelbarrow |
| 20:25 | Crear | Villager (Male) |
| 20:25 | Crear | Villager (Male) |
| 20:30 | Construir | Barracks |
| 20:34 | Construir | House |
| 20:35 | Crear | Villager (Male) |
| 20:35 | Crear | Villager (Male) |
| 20:36 | Crear | Villager (Male) |
| 20:36 | Crear | Villager (Male) |
| 20:48 | Construir | Mining Camp |
| 20:51 | Crear | Villager (Male) |
| 20:51 | Crear | Villager (Male) |
| 20:51 | Crear | Villager (Male) |
| 21:01 | Crear | Villager (Male) |
Build order — el grotesco
Primeras 150 de 377 acciones detectadas
| 0:01 | Crear | Villager (Male) |
| 0:03 | Construir | House |
| 0:04 | Construir | House |
| 0:05 | Crear | Villager (Male) |
| 0:18 | Crear | Villager (Male) |
| 0:19 | Crear | Villager (Male) |
| 1:56 | Crear | Villager (Male) |
| 2:06 | Crear | Villager (Male) |
| 2:12 | Construir | Settlement |
| 2:24 | Crear | Villager (Male) |
| 2:24 | Crear | Villager (Male) |
| 2:58 | Crear | Villager (Male) |
| 2:59 | Crear | Villager (Male) |
| 3:48 | Crear | Villager (Male) |
| 3:48 | Crear | Villager (Male) |
| 3:49 | Crear | Villager (Male) |
| 3:58 | Construir | House |
| 4:30 | Crear | Villager (Male) |
| 4:46 | Construir | Settlement |
| 4:48 | Crear | Villager (Male) |
| 5:17 | Crear | Villager (Male) |
| 6:16 | Crear | Villager (Male) |
| 6:25 | Crear | Villager (Male) |
| 6:45 | Construir | Settlement |
| 6:54 | Crear | Villager (Male) |
| 7:10 | Crear | Villager (Male) |
| 7:32 | Crear | Villager (Male) |
| 7:42 | Crear | Villager (Male) |
| 8:51 | Crear | Villager (Male) |
| 9:17 | Crear | Villager (Male) |
| 9:19 | Crear | Villager (Male) |
| 9:45 | Construir | Settlement |
| 9:49 | Investigar | Feudal Age |
| 10:49 | Crear | Villager (Male) |
| 10:50 | Crear | Villager (Male) |
| 11:27 | Construir | Farm |
| 11:29 | Construir | Farm |
| 11:31 | Construir | Farm |
| 11:33 | Construir | Farm |
| 11:39 | Construir | Farm |
| 11:40 | Construir | Farm |
| 11:42 | Construir | Farm |
| 11:44 | Construir | Farm |
| 11:47 | Construir | Farm |
| 12:17 | Edad | Edad Feudal |
| 12:30 | Construir | Market |
| 12:38 | Construir | Blacksmith |
| 13:09 | Crear | Villager (Male) |
| 13:11 | Crear | Villager (Male) |
| 13:33 | Investigar | Castle Age |
| 14:03 | Investigar | Double-Bit Axe |
| 14:10 | Investigar | Horse Collar |
| 16:04 | Crear | Villager (Male) |
| 16:04 | Crear | Villager (Male) |
| 16:07 | Investigar | Wheelbarrow |
| 16:13 | Edad | Edad de los Castillos |
| 16:15 | Construir | Town Center |
| 16:21 | Construir | Town Center |
| 16:29 | Crear | Villager (Male) |
| 16:56 | Crear | Villager (Male) |
| 17:40 | Crear | Villager (Male) |
| 17:41 | Crear | Villager (Male) |
| 17:41 | Crear | Villager (Male) |
| 17:45 | Crear | Villager (Male) |
| 17:45 | Crear | Villager (Male) |
| 17:52 | Crear | Villager (Male) |
| 17:52 | Crear | Villager (Male) |
| 17:53 | Crear | Villager (Male) |
| 17:57 | Crear | Villager (Male) |
| 18:01 | Construir | Farm |
| 18:04 | Construir | Farm |
| 18:08 | Construir | Farm |
| 18:12 | Construir | Farm |
| 18:17 | Construir | Farm |
| 18:18 | Crear | Villager (Male) |
| 18:20 | Construir | Farm |
| 18:26 | Construir | Farm |
| 18:27 | Crear | Villager (Male) |
| 18:35 | Construir | Farm |
| 18:40 | Construir | Farm |
| 18:44 | Construir | Farm |
| 18:45 | Crear | Villager (Male) |
| 18:47 | Construir | Farm |
| 18:50 | Construir | Farm |
| 18:54 | Construir | Farm |
| 18:55 | Crear | Villager (Male) |
| 19:05 | Construir | Farm |
| 19:06 | Crear | Villager (Male) |
| 19:17 | Construir | Farm |
| 19:19 | Crear | Villager (Male) |
| 19:25 | Crear | Villager (Male) |
| 19:35 | Investigar | Scale Mail Armor |
| 19:37 | Crear | Villager (Male) |
| 19:45 | Investigar | Heavy Plow |
| 20:01 | Investigar | Bow Saw |
| 20:02 | Investigar | Bow Saw |
| 20:04 | Crear | Villager (Male) |
| 20:08 | Crear | Villager (Male) |
| 20:11 | Construir | Farm |
| 20:16 | Construir | Farm |
| 20:18 | Crear | Villager (Male) |
| 20:18 | Crear | Villager (Male) |
| 20:24 | Crear | Villager (Male) |
| 20:29 | Construir | Farm |
| 20:33 | Construir | Farm |
| 20:33 | Crear | Villager (Male) |
| 20:36 | Construir | Farm |
| 20:37 | Crear | Villager (Male) |
| 20:41 | Construir | Farm |
| 20:44 | Crear | Villager (Male) |
| 20:45 | Crear | Villager (Male) |
| 20:45 | Crear | Villager (Male) |
| 20:53 | Crear | Villager (Male) |
| 20:53 | Crear | Villager (Male) |
| 21:06 | Crear | Villager (Male) |
| 21:06 | Crear | Villager (Male) |
| 21:16 | Investigar | Scale Mail Armor |
| 21:18 | Crear | Villager (Male) |
| 21:19 | Crear | Villager (Male) |
| 21:22 | Construir | Barracks |
| 21:27 | Construir | Barracks |
| 21:30 | Crear | Villager (Male) |
| 21:30 | Crear | Villager (Male) |
| 21:37 | Construir | Farm |
| 21:38 | Crear | Villager (Male) |
| 21:38 | Crear | Villager (Male) |
| 21:41 | Construir | Farm |
| 21:42 | Crear | Villager (Male) |
| 21:44 | Construir | Farm |
| 21:46 | Crear | Villager (Male) |
| 21:49 | Construir | Farm |
| 21:50 | Crear | Villager (Male) |
| 21:53 | Construir | Farm |
| 21:57 | Investigar | Forging |
| 22:12 | Investigar | Gold Mining |
| 22:13 | Investigar | Gold Mining |
| 22:36 | Crear | Villager (Male) |
| 22:37 | Crear | Villager (Male) |
| 22:42 | Investigar | Hand Cart |
| 22:43 | Investigar | Hand Cart |
| 22:54 | Crear | Villager (Male) |
| 22:54 | Crear | Villager (Male) |
| 23:04 | Construir | Barracks |
| 23:06 | Construir | Barracks |
| 23:08 | Investigar | Squires |
| 23:09 | Investigar | Arson |
| 23:13 | Crear | Villager (Male) |
| 23:34 | Crear | Villager (Male) |
| 23:34 | Crear | Villager (Male) |
| 23:35 | Crear | Villager (Male) |
Build order — Battousai_Mc
Primeras 150 de 326 acciones detectadas
| 0:02 | Investigar | Loom |
| 0:03 | Investigar | Loom |
| 0:05 | Construir | House |
| 0:06 | Construir | House |
| 0:20 | Crear | Villager (Male) |
| 0:20 | Crear | Villager (Male) |
| 0:20 | Crear | Villager (Male) |
| 1:10 | Crear | Villager (Male) |
| 1:11 | Crear | Villager (Male) |
| 1:41 | Crear | Villager (Male) |
| 2:06 | Crear | Villager (Male) |
| 2:06 | Crear | Villager (Male) |
| 2:16 | Construir | Lumber Camp |
| 2:35 | Crear | Villager (Male) |
| 2:35 | Crear | Villager (Male) |
| 3:08 | Crear | Villager (Male) |
| 3:08 | Crear | Villager (Male) |
| 3:30 | Crear | Villager (Male) |
| 3:31 | Crear | Villager (Male) |
| 3:36 | Construir | House |
| 3:38 | Construir | House |
| 4:34 | Crear | Villager (Male) |
| 4:35 | Crear | Villager (Male) |
| 4:49 | Crear | Villager (Male) |
| 5:10 | Construir | Mill |
| 5:20 | Crear | Villager (Male) |
| 5:21 | Crear | Villager (Male) |
| 5:47 | Crear | Villager (Male) |
| 5:47 | Crear | Villager (Male) |
| 6:03 | Construir | House |
| 6:34 | Crear | Villager (Male) |
| 6:34 | Crear | Villager (Male) |
| 6:37 | Crear | Villager (Male) |
| 6:44 | Crear | Villager (Male) |
| 7:29 | Crear | Villager (Male) |
| 7:30 | Crear | Villager (Male) |
| 7:36 | Crear | Villager (Male) |
| 7:37 | Crear | Villager (Male) |
| 7:37 | Crear | Villager (Male) |
| 7:37 | Crear | Villager (Male) |
| 7:38 | Crear | Villager (Male) |
| 7:51 | Construir | Mill |
| 8:23 | Construir | Mining Camp |
| 8:25 | Crear | Villager (Male) |
| 8:25 | Crear | Villager (Male) |
| 8:47 | Crear | Villager (Male) |
| 9:54 | Crear | Villager (Male) |
| 9:55 | Investigar | Feudal Age |
| 12:00 | Construir | House |
| 12:07 | Construir | Farm |
| 12:07 | Construir | Farm |
| 12:24 | Construir | Farm |
| 13:00 | Edad | Edad Feudal |
| 13:06 | Construir | Market |
| 13:09 | Construir | Blacksmith |
| 13:10 | Crear | Villager (Male) |
| 13:10 | Crear | Villager (Male) |
| 13:36 | Crear | Villager (Male) |
| 13:51 | Construir | Mining Camp |
| 14:14 | Investigar | Castle Age |
| 15:10 | Construir | Farm |
| 15:14 | Investigar | Double-Bit Axe |
| 15:29 | Investigar | Horse Collar |
| 16:04 | Construir | Barracks |
| 16:59 | Crear | Spearman |
| 16:59 | Crear | Spearman |
| 17:05 | Edad | Edad de los Castillos |
| 17:06 | Construir | House |
| 17:07 | Construir | House |
| 17:20 | Construir | Castle |
| 17:29 | Crear | Villager (Male) |
| 17:29 | Crear | Villager (Male) |
| 17:29 | Crear | Villager (Male) |
| 18:05 | Crear | Spearman |
| 18:13 | Construir | Farm |
| 18:14 | Crear | Villager (Male) |
| 18:14 | Crear | Villager (Male) |
| 18:22 | Construir | Farm |
| 18:47 | Construir | Town Center |
| 18:54 | Crear | Villager (Male) |
| 19:00 | Construir | House |
| 19:10 | Crear | Villager (Male) |
| 19:10 | Crear | Villager (Male) |
| 19:22 | Investigar | Heavy Plow |
| 19:32 | Construir | Farm |
| 19:51 | Crear | Villager (Male) |
| 19:51 | Crear | Villager (Male) |
| 20:08 | Crear | Villager (Male) |
| 20:08 | Crear | Villager (Male) |
| 20:09 | Crear | Villager (Male) |
| 20:18 | Crear | Villager (Male) |
| 20:18 | Crear | Villager (Male) |
| 20:30 | Construir | Town Center |
| 20:40 | Construir | Farm |
| 20:41 | Crear | Villager (Male) |
| 20:41 | Crear | Villager (Male) |
| 20:52 | Crear | Villager (Male) |
| 20:53 | Crear | Villager (Male) |
| 20:53 | Crear | Villager (Male) |
| 21:02 | Construir | Farm |
| 21:09 | Construir | Farm |
| 21:09 | Construir | Farm |
| 21:09 | Construir | Farm |
| 21:14 | Crear | Villager (Male) |
| 21:23 | Construir | Town Center |
| 21:30 | Construir | Farm |
| 21:32 | Crear | Villager (Male) |
| 21:46 | Construir | Farm |
| 21:48 | Construir | Farm |
| 21:58 | Construir | Farm |
| 22:00 | Construir | Farm |
| 22:02 | Crear | Villager (Male) |
| 22:14 | Crear | Villager (Male) |
| 22:14 | Crear | Villager (Male) |
| 22:15 | Crear | Villager (Male) |
| 22:24 | Crear | Villager (Male) |
| 22:24 | Crear | Villager (Male) |
| 22:29 | Construir | Farm |
| 22:57 | Construir | Farm |
| 22:57 | Construir | Farm |
| 23:11 | Crear | Villager (Male) |
| 23:11 | Crear | Villager (Male) |
| 23:11 | Crear | Villager (Male) |
| 23:12 | Crear | Villager (Male) |
| 23:12 | Crear | Villager (Male) |
| 23:26 | Investigar | Bow Saw |
| 23:31 | Investigar | Gold Mining |
| 23:40 | Construir | Farm |
| 23:48 | Construir | Farm |
| 23:52 | Crear | Villager (Male) |
| 23:52 | Crear | Villager (Male) |
| 23:52 | Crear | Villager (Male) |
| 24:07 | Crear | Villager (Male) |
| 24:08 | Crear | Villager (Male) |
| 24:08 | Crear | Villager (Male) |
| 24:31 | Crear | Conquistador ×2 |
| 24:58 | Construir | Farm |
| 24:59 | Construir | Farm |
| 25:01 | Crear | Villager (Male) |
| 25:18 | Construir | House |
| 25:18 | Construir | House |
| 25:19 | Construir | House |
| 25:19 | Construir | House |
| 25:20 | Construir | House |
| 25:21 | Construir | House |
| 25:21 | Construir | House |
| 25:21 | Construir | House |
| 25:21 | Construir | House |
| 25:22 | Construir | House |
| 25:32 | Crear | Villager (Male) |
Build order — 菜鸟
Primeras 150 de 393 acciones detectadas
| 0:05 | Crear | Villager (Male) |
| 0:05 | Investigar | Loom |
| 0:13 | Construir | House |
| 0:20 | Crear | Villager (Male) |
| 0:20 | Crear | Villager (Male) |
| 0:21 | Crear | Villager (Male) |
| 1:12 | Construir | House |
| 1:13 | Construir | House |
| 1:15 | Construir | House |
| 1:48 | Crear | Villager (Male) |
| 1:48 | Crear | Villager (Male) |
| 1:48 | Crear | Villager (Male) |
| 2:33 | Crear | Villager (Male) |
| 2:33 | Crear | Villager (Male) |
| 2:34 | Crear | Villager (Male) |
| 2:34 | Crear | Villager (Male) |
| 2:48 | Construir | House |
| 2:49 | Construir | House |
| 2:52 | Crear | Villager (Male) |
| 2:52 | Crear | Villager (Male) |
| 3:19 | Crear | Villager (Male) |
| 3:19 | Crear | Villager (Male) |
| 3:19 | Crear | Villager (Male) |
| 3:36 | Crear | Villager (Male) |
| 3:37 | Crear | Villager (Male) |
| 3:37 | Crear | Villager (Male) |
| 3:51 | Crear | Villager (Male) |
| 3:51 | Crear | Villager (Male) |
| 3:51 | Crear | Villager (Male) |
| 4:05 | Crear | Villager (Male) |
| 4:05 | Crear | Villager (Male) |
| 4:06 | Crear | Villager (Male) |
| 5:01 | Crear | Villager (Male) |
| 5:01 | Crear | Villager (Male) |
| 5:02 | Crear | Villager (Male) |
| 5:36 | Construir | Mill |
| 5:46 | Crear | Villager (Male) |
| 5:46 | Crear | Villager (Male) |
| 5:46 | Crear | Villager (Male) |
| 5:47 | Crear | Villager (Male) |
| 6:33 | Crear | Villager (Male) |
| 6:50 | Construir | Lumber Camp |
| 7:00 | Crear | Villager (Male) |
| 7:20 | Crear | Villager (Male) |
| 8:02 | Crear | Villager (Male) |
| 8:31 | Crear | Villager (Male) |
| 8:31 | Crear | Villager (Male) |
| 9:08 | Crear | Villager (Male) |
| 9:46 | Construir | Mill |
| 10:10 | Crear | Villager (Male) |
| 10:10 | Crear | Villager (Male) |
| 10:39 | Investigar | Feudal Age |
| 11:14 | Crear | Villager (Male) |
| 11:14 | Crear | Villager (Male) |
| 11:59 | Construir | Mining Camp |
| 12:29 | Construir | Mill |
| 12:38 | Construir | House |
| 12:39 | Construir | House |
| 12:44 | Crear | Villager (Male) |
| 13:10 | Edad | Edad Feudal |
| 13:41 | Construir | Market |
| 13:47 | Crear | Villager (Male) |
| 14:05 | Crear | Villager (Male) |
| 14:22 | Construir | Barracks |
| 14:32 | Crear | Villager (Male) |
| 14:32 | Crear | Villager (Male) |
| 14:59 | Investigar | Double-Bit Axe |
| 15:18 | Construir | Blacksmith |
| 15:44 | Crear | Spearman |
| 15:55 | Construir | Farm |
| 15:58 | Construir | Farm |
| 16:06 | Construir | Mining Camp |
| 16:09 | Crear | Villager (Male) |
| 16:09 | Crear | Villager (Male) |
| 16:29 | Construir | Farm |
| 16:31 | Investigar | Castle Age |
| 16:49 | Investigar | Horse Collar |
| 17:01 | Crear | Spearman |
| 17:14 | Investigar | Stone Mining |
| 18:07 | Crear | Villager (Male) |
| 18:07 | Crear | Villager (Male) |
| 18:39 | Crear | Villager (Male) |
| 19:12 | Crear | Villager (Male) |
| 19:14 | Edad | Edad de los Castillos |
| 19:25 | Construir | Town Center |
| 19:34 | Construir | Town Center |
| 19:44 | Construir | Farm |
| 19:46 | Construir | Farm |
| 19:47 | Construir | Farm |
| 19:48 | Construir | Farm |
| 19:49 | Construir | Farm |
| 19:51 | Construir | Farm |
| 20:21 | Construir | Farm |
| 20:22 | Construir | Farm |
| 20:24 | Construir | Farm |
| 20:25 | Construir | Farm |
| 20:36 | Crear | Villager (Male) |
| 20:36 | Crear | Villager (Male) |
| 20:51 | Construir | House |
| 20:53 | Construir | House |
| 20:58 | Crear | Villager (Male) |
| 20:58 | Crear | Villager (Male) |
| 21:05 | Crear | Villager (Male) |
| 21:05 | Crear | Villager (Male) |
| 21:14 | Construir | Farm |
| 21:16 | Construir | Farm |
| 21:17 | Construir | Farm |
| 21:18 | Construir | Farm |
| 21:19 | Construir | Farm |
| 21:21 | Construir | Farm |
| 21:24 | Crear | Villager (Male) |
| 21:30 | Crear | Villager (Male) |
| 21:48 | Construir | Siege Workshop |
| 21:54 | Crear | Villager (Male) |
| 21:54 | Crear | Villager (Male) |
| 21:54 | Crear | Villager (Male) |
| 21:59 | Construir | Farm |
| 22:00 | Construir | Farm |
| 22:01 | Construir | Farm |
| 22:16 | Construir | Building 487 |
| 22:20 | Crear | Villager (Male) |
| 22:20 | Crear | Villager (Male) |
| 22:26 | Crear | Villager (Male) |
| 22:26 | Crear | Villager (Male) |
| 22:26 | Crear | Villager (Male) |
| 22:33 | Crear | Villager (Male) |
| 22:50 | Crear | Villager (Male) |
| 22:52 | Crear | Villager (Male) |
| 22:59 | Crear | Mangonel |
| 23:04 | Construir | Farm |
| 23:05 | Construir | Farm |
| 23:06 | Construir | Farm |
| 23:11 | Crear | Villager (Male) |
| 23:23 | Crear | Villager (Male) |
| 23:23 | Crear | Villager (Male) |
| 23:33 | Investigar | Heavy Plow |
| 23:36 | Crear | Villager (Male) |
| 23:36 | Crear | Villager (Male) |
| 23:36 | Crear | Villager (Male) |
| 23:41 | Crear | Mangonel |
| 23:48 | Construir | House |
| 23:49 | Construir | House |
| 23:53 | Construir | House |
| 23:58 | Crear | Villager (Male) |
| 23:58 | Crear | Villager (Male) |
| 24:06 | Construir | Farm |
| 24:08 | Construir | Farm |
| 24:09 | Construir | Farm |
| 24:10 | Construir | Farm |
| 24:12 | Construir | Farm |
Cronología de la partida
| 11:02 | 7928adam · age_up feudal |
| 11:29 | Zar · age_up feudal |
| 11:45 | Zar · first_building Barracks |
| 12:08 | FreakinAindreas16 · age_up feudal |
| 12:17 | el grotesco · age_up feudal |
| 12:31 | 7928adam · first_market_sell 100 wood |
| 12:31 | 7928adam · first_market_buy 100 food |
| 12:38 | dunada04 · age_up feudal |
| 13:00 | Battousai_Mc · age_up feudal |
| 13:10 | 菜鸟 · age_up feudal |
| 13:57 | Zar · first_building Archery Range |
| 14:22 | 菜鸟 · first_building Barracks |
| 15:13 | 7928adam · age_up castle |
| 15:26 | Battousai_Mc · first_market_buy 100 food |
| 15:34 | dunada04 · first_building Barracks |
| 16:04 | Battousai_Mc · first_building Barracks |
| 16:13 | el grotesco · age_up castle |
| 16:21 | S.O.L.D.I.E.R · age_up feudal |
| 16:23 | 菜鸟 · first_market_buy 100 food |
| 16:24 | FreakinAindreas16 · age_up castle |
| 16:57 | dunada04 · age_up castle |
| 17:00 | S.O.L.D.I.E.R · first_building Barracks |
| 17:05 | Battousai_Mc · age_up castle |
| 17:20 | Battousai_Mc · first_building Castle |
| 18:11 | S.O.L.D.I.E.R · first_building Stable |
| 18:16 | Zar · age_up castle |
| 18:34 | Zar · first_building Castle |
| 19:14 | 菜鸟 · age_up castle |
| 19:35 | dunada04 · first_building Archery Range |
| 20:05 | Battousai_Mc · first_market_sell 100 wood |
| 20:13 | dunada04 · first_market_buy 100 food |
| 20:30 | 7928adam · first_building Barracks |
| 21:22 | el grotesco · first_building Barracks |
| 21:26 | 7928adam · first_building Stable |
| 21:48 | 菜鸟 · first_building Siege Workshop |
| 22:08 | S.O.L.D.I.E.R · age_up castle |
| 22:34 | S.O.L.D.I.E.R · first_building Monastery |
| 23:48 | 7928adam · first_building Archery Range |
| 24:43 | 菜鸟 · first_building Castle |
| 26:08 | el grotesco · first_building Monastery |
| 26:33 | FreakinAindreas16 · first_building Castle |
| 26:34 | S.O.L.D.I.E.R · first_building Castle |
| 26:40 | Zar · first_building Siege Workshop |
| 26:49 | FreakinAindreas16 · first_building Monastery |
| 26:58 | 7928adam · first_building Monastery |
| 27:30 | FreakinAindreas16 · first_building Barracks |
| 27:44 | dunada04 · first_building Castle |
| 27:59 | dunada04 · first_building Monastery |
| 28:12 | dunada04 · first_market_sell 100 food |
| 28:35 | FreakinAindreas16 · first_building Stable |
| 29:34 | 7928adam · first_building Siege Workshop |
| 29:38 | 菜鸟 · first_building Stable |
| 30:31 | FreakinAindreas16 · first_market_sell 100 wood |
| 31:10 | Zar · first_building Monastery |
| 31:17 | FreakinAindreas16 · age_up imperial |
| 31:17 | Battousai_Mc · age_up imperial |
| 31:30 | el grotesco · age_up imperial |
| 31:36 | 7928adam · age_up imperial |
| 31:45 | Zar · age_up imperial |
| 31:55 | 7928adam · first_building Castle |
| 32:42 | S.O.L.D.I.E.R · first_market_buy 100 food |
| 32:55 | dunada04 · first_building Siege Workshop |
| 33:56 | el grotesco · first_building Siege Workshop |
| 34:40 | 菜鸟 · age_up imperial |
| 34:44 | dunada04 · age_up imperial |
| 35:16 | el grotesco · wall_segment Stone Wall x10 |
| 35:19 | el grotesco · wall_segment Stone Wall x7 |
| 36:01 | dunada04 · first_building Stable |
| 36:02 | S.O.L.D.I.E.R · age_up imperial |
| 38:29 | el grotesco · first_building Castle |
| 40:35 | el grotesco · first_market_buy 100 wood |
| 42:11 | S.O.L.D.I.E.R · resign |
| 43:06 | Zar · first_market_buy 100 stone |
| 43:15 | el grotesco · wall_segment Stone Wall x4 |
[ ANÁLISIS IA · 1 CRÉDITO ]
¿Qué pasó realmente en esta partida?
Wolo.gg analiza cada decisión: build order, eco, micro, errores típicos por bracket. Análisis personalizado por WhatsApp o Discord en 30 segundos.
Guía civ
Francos
Guía mapa
Arena
Perfil
S.O.L.D.I.E.R